 Dungeon Crawl Stone Soup version 0.21.1-1-g345015f (webtiles) character file.

14 inc the Vexing (level 2, 0/11 HPs)
             Began as a Felid Enchanter on Feb 22, 2018.
             Slain by a bat (1 damage)
             ... on level 2 of the Dungeon.
             The game lasted 00:02:37 (761 turns).

inc the Vexing (Felid Enchanter)                     Turns: 761, Time: 00:02:38

Health: 0/11       AC:  1    Str:  4    XL:     2   Next: 31%
Magic:  6/6        EV: 18    Int: 16    God:
Gold:   16         SH:  0    Dex: 16    Spells: 2/5 levels left
                                        Lives:  0   Deaths: 0

rFire    . . .     SeeInvis +     - Unarmed
rCold    . . .     Gourm    .   (shield unavailable)
rNeg     . . .     Faith    .   (armour unavailable)
rPois    .         Spirit   .   (helmet unavailable)
rElec    .         Reflect  .   (cloak unavailable)
rCorr    .         Harm     .   (gloves unavailable)
MR       .....                  (boots unavailable)
Stlth    +++.......             e - amulet of magic regeneration
HPRegen  0.03/turn              (no ring)
MPRegen  0.35/turn              (no ring)

@: quick
A: very small, no armour, no weapons or thrown items, stealth, claws 1, fangs 3,
see invisible, carnivore, speed 1, shaggy fur 1, slow metabolism 1, sharp paws
a: no special abilities


You were on level 2 of the Dungeon.
You were full.

You visited 1 branch of the dungeon, and saw 2 of its levels.

You collected 16 gold pieces.

Inventory:

Jewellery
 e - an amulet of magic regeneration (around neck)
Scrolls
 d - 2 scrolls of identify {unknown}
Potions
 c - a potion of curing {unknown}
Books
 a - a book of Maledictions

   Spells                             Type                      Level
   a - Corona                         Hexes                        1
   b - Ensorcelled Hibernation        Hexes/Ice                    2
   c - Confuse                        Hexes                        3
   d - Tukima's Dance                 Hexes                        3
   e - Dazzling Spray                 Conjuration/Hexes            3
Comestibles
 b - a ration


   Skills:
 - Level 2.6 Dodging
 - Level 4.0 Stealth
 + Level 2.4 Unarmed Combat
 - Level 2.0 Spellcasting
 - Level 4.4 Hexes


You had 2 spell levels left.
You knew the following spells:

 Your Spells              Type           Power        Failure   Level  Hunger
a - Corona                Hex            ###....      3%          1    #......
b - Ensorcelled Hibernat  Hex/Ice        #.....       13%         2    ###....


Dungeon Overview and Level Annotations

Branches:
Dungeon (2/15)

Altars:


Innate Abilities, Weirdness & Mutations

You cannot wear armour.
You are incapable of wielding weapons or throwing items.
Your paws allow you to move quietly. (Stealth)
You have sharp claws.
You have razor-sharp teeth.
You have supernaturally acute eyesight. (SInv)
You are carnivorous and can eat meat at any time.
You cover ground quickly.
You are covered in fur. (AC +1)
You have a slow metabolism.
Your sharp claws are effective at attacking unaware monsters.


Message History

The jackal barely misses you.
You scratch the jackal. Your bite misses the jackal.
The jackal is almost dead.
The jackal bites you. The jackal closely misses you.
There is a shaft here.
You fall through a shaft!
The shaft crumbles and collapses.
A bat, a rat, 2 jackals and a dart slug come into view.
Found a quarterstaff.
Found a stone staircase leading down.
The jackal barks! x2
The jackal bites you.
* * * LOW HITPOINT WARNING * * *
The jackal completely misses you. The jackal barely misses you.
The bat completely misses you.
You scratch the bat.
The bat is moderately wounded.
The bat hits you but does no damage. The jackal bites you.
* * * LOW HITPOINT WARNING * * *
The bat hits you.
You die...

#..... # #....# .#
#..#.# #.# ..#.#
#####..#.. ... #..
##......r.. .(.##..
#...............#..
#..h..)............
#.@h...............
#..b...............
#.......... .....#=
##...w..... .......
##.....#.. ..#.#..
######### # #.. #..
#.. ##.


You could see a dart slug, 2 jackals, a bat and a rat.

Vanquished Creatures
  A leopard gecko (D:2)
  3 ball pythons
  3 bats
  A giant cockroach (D:1)
  A hobgoblin (D:2)
  3 rats
12 creatures vanquished.

Notes
Turn   | Place    | Note
-------+----------+-------------------------------------------
     0 | D:1      | inc the Felid Enchanter began the quest for the Orb.
     0 | D:1      | Reached XP level 1. HP: 7/7 MP: 4/4
   176 | D:2      | Reached XP level 2. HP: 11/11 MP: 6/6
   263 | D:1      | Learned a level 2 spell: Ensorcelled Hibernation
   758 | D:1      | You fall through a shaft!
   761 | D:2      | Slain by a bat

Skill      XL: |  1 |
---------------+----+-----
Unarmed Combat | 2 |  2.4
Dodging        | |  2.6
Stealth        | |  4.0
Spellcasting   | |  2.0
Hexes          | |  4.4

Action                   || total
-------------------------++-------
Melee: Unarmed           ||    60
       Bite              ||     3
 Cast: Corona            ||     3
 Stab: Sleeping          ||     4
  Eat: Chunk             ||     3
Armor: Skin              ||    15
Dodge: Dodged            ||    86
